 Dungeon Crawl Stone Soup version 0.21-a0-331-gfb491b4 (webtiles) character file.

1285 4thArraOfDagon the Transmogrifier (level 8, -4/58 HPs)
             Began as a Gnoll Wanderer on Oct 2, 2017.
             Was a Believer of Cheibriados.
             Slain by a troll (11 damage)
             ... on level 8 of the Dungeon.
             The game lasted 00:11:10 (2324 turns).

4thArraOfDagon the Transmogrifier (Gnoll Wanderer)  Turns: 2324, Time: 00:11:12

Health: -4/58      AC:  9    Str: 20    XL:     8   Next: 55%
Magic:  14/17      EV: 14    Int: 18    God:    Cheibriados [**....]
Gold:   234        SH:  0    Dex: 20    Spells: 8/19 levels left

rFire    . . .     SeeInvis .   b - +2 dagger (venom)
rCold    . . .     Gourm    .   (no shield)
rNeg     . . .     Faith    .   e - +0 robe
rPois    .         Spirit   .   (no helmet)
rElec    .         Reflect  .   (no cloak)
rCorr    .         Harm     .   m - +0 pair of gloves
MR       .....                  (no boots)
Stlth    +.........             i - amulet of rage
HPRegen  0.19/turn              h - +6 ring of protection
MPRegen  0.15/turn              u - ring of flight

@: confused, very slow
A: distributed training, fangs 1, strong nose
a: Bend Time, Renounce Religion, Evoke Berserk Rage, Evoke Flight


You were on level 8 of the Dungeon.
You worshipped Cheibriados.
Cheibriados was pleased with you.
You were not hungry.

You visited 1 branch of the dungeon, and saw 9 of its levels.

You collected 234 gold pieces.

Inventory:

Hand Weapons
 a - a +2 dagger
 b - a +2 dagger of venom (weapon)
 j - a +2 spear of venom
Missiles
 o - 74 stones (quivered)
Armour
 e - a +0 robe (worn)
 m - a +0 pair of gloves (worn)
Jewellery
 h - a +6 ring of protection (left hand)
 i - an amulet of rage (around neck)
 u - a ring of flight (right hand)
Scrolls
 g - 6 scrolls of teleportation
 k - 3 scrolls of enchant weapon
 n - 2 scrolls of enchant armour
 p - 3 scrolls of recharging
 q - a scroll of vulnerability {unknown}
 t - a scroll of amnesia
 v - a scroll of magic mapping {unknown}
Potions
 s - a potion of flight
Books
 c - the Compendium of the Mountains

   Spells                             Type                      Level
   a - Sandblast                      Earth                        1
   b - Stone Arrow                    Conjuration/Earth            3
 d - the Grimoire of Transmigration

   Spells                             Type                      Level
   a - Passwall                       Transmutation/Earth          2
   b - Sticks to Snakes               Transmutation                2
 r - a book of Minor Magic

   Spells                             Type                      Level
   a - Magic Dart                     Conjuration                  1
   b - Blink                          Translocation                2
   c - Call Imp                       Summoning                    2
   d - Slow                           Hexes                        2
   e - Conjure Flame                  Conjuration/Fire             3
   f - Mephitic Cloud                 Conjuration/Poison/Air       3
Comestibles
 f - 2 bread rations
 l - 2 royal jellies


   Skills:
 + Level 3.3 Fighting
 + Level 3.3 Short Blades
 + Level 3.3 Long Blades
 + Level 3.3 Axes
 + Level 3.3 Maces & Flails
 + Level 3.3 Polearms
 + Level 3.3 Staves
 + Level 3.3 Slings
 + Level 3.3 Bows
 + Level 3.3 Crossbows
 + Level 3.3 Throwing
 + Level 3.3 Armour
 + Level 3.3 Dodging
 + Level 4.1 Stealth
   Level 0.0 Stabbing
 + Level 3.3 Shields
   Level 0.0 Traps
 + Level 3.3 Unarmed Combat
 + Level 6.0 Spellcasting
 + Level 3.3 Conjurations
 + Level 3.3 Hexes
 + Level 3.3 Charms
 + Level 3.3 Summonings
 + Level 4.2 Necromancy
 + Level 3.3 Translocations
 + Level 10.8 Transmutations
 + Level 3.3 Fire Magic
 + Level 3.3 Ice Magic
 + Level 3.3 Air Magic
 + Level 3.3 Earth Magic
 + Level 3.3 Poison Magic
 + Level 3.3 Invocations
 + Level 4.2 Evocations


You had 8 spell levels left.
You knew the following spells:

 Your Spells              Type           Power        Failure   Level  Hunger
a - Sandblast             Erth           ###...       3%          1    None
b - Passwall              Tmut/Erth      ####......   1%          2    None
c - Blink                 Tloc           N/A          4%          2    None
d - Mephitic Cloud        Conj/Pois/Air  ###.....     9%          3    ##.....
e - Conjure Flame         Conj/Fire      ###.....     9%          3    ##.....


Dungeon Overview and Level Annotations

Branches:
Dungeon (9/15)             Temple (0/1) D:4             Orc (0/2) D:9
   Lair: D:8-11

Altars:
Ashenzari
Cheibriados
Hepliaklqana
Qazlal
Vehumet
Xom

Annotations:
D:4 4thArraOfDagon's ghost, novice GnWn
D:5 Edmund


Innate Abilities, Weirdness & Mutations

Your experience applies equally to all skills.
You have very sharp teeth.
Your uncanny sense of smell can sniff out nearby items.


Message History

You are more confused.
The troll is engulfed in noxious fumes.
The troll appears confused.
The troll misses you. The troll claws you. The troll barely misses you.
Unknown command.
Unknown command.
You bump into the rock wall.
You are engulfed in noxious fumes.
You choke on the stench!
You are more confused.
The troll barely misses you. The troll completely misses you.
The troll misses you.
Unknown command.
Unknown command.
You hit the troll.
The troll looks as sick as possible!
You bite the troll.
The troll is lightly wounded.
Unknown command.
Unknown command.
You bump into the rock wall.
The troll bites you! The troll claws you!
* * * LOW HITPOINT WARNING * * *
The troll claws you!
You die...

...........÷...(.......'.........
###.......######....####..†...>..
##.###### #.#.## ##.......# #.#
#.### ##<....## #.# #.# ##...##
#.# #.# #+## #.# #.# #.# #T# #.#
#@# ####.# #.# .....#
#.#########.. ######
#............ #############


You could see a troll (confused).

Vanquished Creatures
  Grinder (D:4)
  An ogre (D:5)
  3 centaurs (D:5)
  Blork the orc (D:5)
  3 bullfrogs
  A howler monkey (D:2)
  A crimson imp (D:8)
  A quasit (D:7)
  A bullfrog zombie (D:5)
  A hound (D:6)
  A jelly (D:5)
  An iguana (D:7)
  4 worker ants
  An orc wizard (D:8)
  4 gnolls (D:6)
  6 adders
  An adder zombie (D:7)
  3 adder skeletons
  3 worms
  A dart slug (D:1)
  A leopard gecko (D:7)
  5 orcs
  A giant cockroach (D:7)
  4 hobgoblins
  8 jackals
  2 kobolds
  A quokka (D:8)
  A ball python (D:2)
  A bat (D:1)
  A frilled lizard (D:4)
  A leopard gecko skeleton (D:4)
  A leopard gecko zombie (D:7)
  A quokka skeleton (D:8)
  2 rats
69 creatures vanquished.

Notes
Turn   | Place    | Note
-------+----------+-------------------------------------------
     0 | D:1      | Reached skill level 10 in Transmutations
     0 | D:1      | 4thArraOfDagon the Gnoll Wanderer began the quest for the Orb.
     0 | D:1      | 4thArraOfDagon set off with: a +2 dagger, a potion of haste, the Compendium of the Mountains, the Grimoire of Transmigration, a +0 robe, a bread ration
     0 | D:1      | Reached XP level 1. HP: 13/13 MP: 6/6
     0 | D:1      | Identified the Compendium of the Mountains
     0 | D:1      | Identified the Grimoire of Transmigration
     2 | D:1      | Learned a level 1 spell: Sandblast
   232 | D:2      | Reached XP level 2. HP: 16/19 MP: 7/7
   256 | D:2      | Noticed a howler monkey
   272 | D:2      | Killed a howler monkey
   272 | D:2      | Reached skill level 5 in Spellcasting
   272 | D:2      | Reached XP level 3. HP: 20/25 MP: 6/9
   277 | D:2      | Reached skill level 1 in Fighting
   277 | D:2      | Reached skill level 1 in Short Blades
   277 | D:2      | Reached skill level 1 in Long Blades
   277 | D:2      | Reached skill level 1 in Axes
   277 | D:2      | Reached skill level 1 in Maces & Flails
   277 | D:2      | Reached skill level 1 in Polearms
   277 | D:2      | Reached skill level 1 in Staves
   277 | D:2      | Reached skill level 1 in Slings
   277 | D:2      | Reached skill level 1 in Bows
   277 | D:2      | Reached skill level 1 in Crossbows
   277 | D:2      | Reached skill level 1 in Throwing
   277 | D:2      | Reached skill level 1 in Armour
   277 | D:2      | Reached skill level 1 in Dodging
   277 | D:2      | Reached skill level 1 in Shields
   277 | D:2      | Reached skill level 1 in Unarmed Combat
   277 | D:2      | Reached skill level 1 in Conjurations
   277 | D:2      | Reached skill level 1 in Hexes
   277 | D:2      | Reached skill level 1 in Charms
   277 | D:2      | Reached skill level 1 in Summonings
   277 | D:2      | Reached skill level 1 in Translocations
   277 | D:2      | Reached skill level 1 in Fire Magic
   277 | D:2      | Reached skill level 1 in Ice Magic
   277 | D:2      | Reached skill level 1 in Air Magic
   277 | D:2      | Reached skill level 1 in Earth Magic
   277 | D:2      | Reached skill level 1 in Poison Magic
   277 | D:2      | Reached skill level 1 in Invocations
   277 | D:2      | Reached XP level 4. HP: 22/32 MP: 8/11
   294 | D:2      | Found a stormy altar of Qazlal.
   494 | D:3      | Learned a level 2 spell: Passwall
   609 | D:4      | Noticed Grinder
   612 | D:4      | You fall through a shaft for 2 floors!
   642 | D:6      | Noticed an ogre
   651 | D:6      | Noticed an ogre
   660 | D:6      | Found a shattered altar of Ashenzari.
   715 | D:7      | Noticed a bullfrog
   723 | D:7      | Killed a bullfrog
   723 | D:7      | Reached XP level 5. HP: 37/37 MP: 9/12
   940 | D:6      | Mulzaro: Damn, just had one of the most brutal deaths I have had in this game.
   991 | D:7      | Mulzaro: Teleportitis into 4 electric eels, read tele
   998 | D:7      | Reached XP level 6. HP: 40/44 MP: 13/13
  1012 | D:7      | Mulzaro: again tele on the eels and zapped to another dimension
  1205 | D:5      | Entered Level 5 of the Dungeon
  1205 | D:5      | Found a snail-covered altar of Cheibriados.
  1222 | D:5      | Became a worshipper of Cheibriados the Contemplative
  1260 | D:5      | Reached XP level 7. HP: 23/50 MP: 10/15
  1520 | D:4      | Found a staircase to the Ecumenical Temple.
  1585 | D:4      | Noticed 4thArraOfDagon's ghost (novice GnWn)
  1594 | D:4      | Paralysed by Grinder for 4 turns
  1605 | D:4      | Paralysed by Grinder for 2 turns
  1617 | D:4      | Killed Grinder
  1747 | D:5      | Found a hazy altar of Hepliaklqana.
  1747 | D:5      | Found a radiant altar of Vehumet.
  1775 | D:5      | Reached XP level 8. HP: 52/57 MP: 16/16
  1781 | D:5      | Reached * piety under Cheibriados
  1799 | D:5      | Found a shimmering altar of Xom.
  1829 | D:5      | Noticed Edmund
  1871 | D:5      | Noticed Blork the orc
  1884 | D:5      | Killed Blork the orc
  2247 | D:8      | Reached ** piety under Cheibriados
  2276 | D:8      | Learned a level 2 spell: Blink
  2280 | D:8      | Learned a level 3 spell: Mephitic Cloud
  2288 | D:8      | Learned a level 3 spell: Conjure Flame
  2314 | D:9      | Found a staircase to the Orcish Mines.
  2314 | D:9      | Noticed a troll
  2324 | D:8      | Slain by a troll

Vault maps used:
D:1:      elethiomel_arrival_shortcut, serial_forest, infiniplex_forest_end_2,
          infiniplex_forest_clump_tiny, infiniplex_forest_lined_3_way,
          infiniplex_forest_clump_curved, infiniplex_forest_clump_small,
          infiniplex_forest_clump_tiny, infiniplex_forest_clump_diagonal,
          infiniplex_forest_straight_4, hangedman_decor_lopped
D:2:      grunt_qazlal_clouds
D:3:      first_bread, minmay_cupped
D:4:      minmay_temple_entry_junction, uniq_grinder
D:5:      kennysheep_mini, slow_altar_1, gammafunk_temple_overflow_elements,
          uniq_edmund, uniq_blork_the_orc
D:6:      nicolae_ashenzari_panopticon
D:8:      david_nohive_1
D:9:      lair_entry_dummy, david_orc_3, hangedman_abyss_or_decor_clamps

Skill      XL: |  1  2  3  4  5  6  7  8 |
---------------+-------------------------+-----
Transmutations | | 10.8
Spellcasting   | 5 6 |  6.0
Fighting       | 1 2 3 |  3.3
Short Blades   | 1 2 3 |  3.3
Long Blades    | 1 2 3 |  3.3
Axes           | 1 2 3 |  3.3
Maces & Flails | 1 2 3 |  3.3
Polearms       | 1 2 3 |  3.3
Staves         | 1 2 3 |  3.3
Slings         | 1 2 3 |  3.3
Bows           | 1 2 3 |  3.3
Crossbows      | 1 2 3 |  3.3
Throwing       | 1 2 3 |  3.3
Armour         | 1 2 3 |  3.3
Dodging        | 1 2 3 |  3.3
Shields        | 1 2 3 |  3.3
Unarmed Combat | 1 2 3 |  3.3
Conjurations   | 1 2 3 |  3.3
Hexes          | 1 2 3 |  3.3
Charms         | 1 2 3 |  3.3
Summonings     | 1 2 3 |  3.3
Translocations | 1 2 3 |  3.3
Fire Magic     | 1 2 3 |  3.3
Ice Magic      | 1 2 3 |  3.3
Air Magic      | 1 2 3 |  3.3
Earth Magic    | 1 2 3 |  3.3
Poison Magic   | 1 2 3 |  3.3
Invocations    | 1 2 3 |  3.3
Necromancy     | 3 4 |  4.2
Evocations     | 3 4 |  4.2
Stealth        | 3 4 |  4.1

Action                   |  1- 3 |  4- 6 |  7- 9 || total
-------------------------+-------+-------+-------++-------
Melee: Dagger            |    21 |    89 |   105 ||   215
       Bite              |     2 |    13 |    18 ||    33
       Punch             |       |     1 |     1 ||     2
 Cast: Sandblast         |     2 |    24 |    28 ||    54
       Mephitic Cloud    |       |       |     1 ||     1
  Use: Potion            |     2 |     1 |       ||     3
       Scroll            |       |     6 |     4 ||    10
 Stab: Sleeping          |     1 |     3 |     4 ||     8
  Eat: Chunk             |       |     1 |     2 ||     3
       Fruit             |       |       |     1 ||     1
Armor: Robe              |     8 |    44 |    32 ||    84
Dodge: Dodged            |     9 |    80 |    60 ||   149

Table legend:
 A = Spawn XP
 B = Non-spawn XP
 C = Spawn XP percentage of total XP
 D = Spawn monster count
 E = Non-spawn monster count
 F = Spawn count percentage of total count
 G = Total turns spent on level
                    A         B        C        D         E        F      G
               +---------+---------+-------+---------+---------+-------+---------
         Total |       0 |    1836 |   0.0 |       0 |      69 |   0.0 |  2324
               +---------+---------+-------+---------+---------+-------+---------
           D:1 |       0 |       9 |   0.0 |       0 |       4 |   0.0 |   221
           D:2 |       0 |      93 |   0.0 |       0 |      12 |   0.0 |   242
           D:3 |       0 |       6 |   0.0 |       0 |       2 |   0.0 |    88
           D:4 |       0 |     357 |   0.0 |       0 |       7 |   0.0 |   403
           D:5 |       0 |     822 |   0.0 |       0 |      20 |   0.0 |   441
           D:6 |       0 |     100 |   0.0 |       0 |       5 |   0.0 |   259
           D:7 |       0 |     327 |   0.0 |       0 |      13 |   0.0 |   420
           D:8 |       0 |     122 |   0.0 |       0 |       6 |   0.0 |   244
               +---------+---------+-------+---------+---------+-------+---------
